 Dungeon Crawl Stone Soup version 0.15-a0-2374-gaadabb3 (webtiles) character file.

7094 Chiseanne the Eclecticist (level 10, -3/44 HPs)
             Began as a Spriggan Wizard on Aug 1, 2014.
             Was an Elder of Vehumet.
             Slain by a large slime creature (24 damage)
             ... on Level 10 of the Dungeon.
             The game lasted 00:49:29 (12725 turns).

Chiseanne the Eclecticist (Spriggan Wizard)        Turns: 12725, Time: 00:49:29

HP  -3/44        AC  7     Str  3      XL: 10   Next: 84%
MP   9/51        EV 18     Int 23      God: Vehumet [****..]
Gold 136         SH  0     Dex 15      Spells:  6 memorised, 27 levels left

rFire  . . .     SeeInvis +     O - +3 quarterstaff (chaos)
rCold  . . .     Clarity  .     Y - +2 robe "Pruic" {Slay+4}
rNeg   . . .     rCorr    .     (shield restricted)
rPois  .         rRot     .     Z - +2 hat {SInv}
rElec  .         Spirit   .     P - +0 cloak
SustAb .         Warding  .     (gloves unavailable)
rMut   .         Stasis   .     (boots unavailable)
Gourm  .                        (no amulet)
MR     +....                    F - ring of magical power
                                j - ring of magical power

@: very slightly contaminated, very quick, somewhat resistant to hostile
enchantments, fairly stealthy
A: unfitting armour, see invisible, herbivore 3, speed 3, slow metabolism 2
a: Renounce Religion


You were on level 10 of the Dungeon.
You worshipped Vehumet.
Vehumet was greatly pleased with you.
You were not hungry.

You visited 2 branches of the dungeon, and saw 11 of its levels.

You collected 776 gold pieces.
You spent 640 gold pieces at shops.

Inventory:

Hand weapons
 x - a +3 dagger
 B - a +0 blowgun
 C - a +1 long sword of holy wrath
 D - a cursed -1 dagger
 E - a +2 whip of venom
 J - a cursed +2 long sword
 K - a +0 whip of electrocution
 L - a +0 cutlass of freezing
 O - a +3 quarterstaff of chaos (weapon)
 R - a +2 hand axe of electrocution
 V - a +1 flail of crushing
Missiles
 A - 7 curare-tipped needles
Armour
 P - a +0 cloak (worn)
 Y - the cursed +2 robe "Pruic" (worn) {Slay+4}
   (You bought it in a shop on level 9 of the Dungeon)

   It affects your accuracy and damage with ranged weapons and melee attacks
   (+4).
   It has a curse placed upon it.
 Z - a +2 hat of see invisible (worn)
Magical devices
 b - a wand of disintegration (5)
Comestibles
 q - 3 royal jellies
 s - 3 bread rations
Scrolls
 d - 2 scrolls of magic mapping
 e - a scroll of enchant weapon
 i - 3 scrolls of recharging
 l - 2 scrolls of remove curse
 t - 3 scrolls of teleportation
 T - a scroll of fog
Jewellery
 a - an uncursed ring of poison resistance
 j - a ring of magical power (left hand)
 k - a +4 ring of evasion
 p - an uncursed ring of fire {unknown}
 z - an uncursed ring of teleport control {unknown}
 F - a ring of magical power (right hand)
 Q - an uncursed amulet of resist mutation {unknown}
Potions
 f - a potion of restore abilities
 g - 2 potions of heal wounds
 h - 2 potions of mutation
 m - a potion of magic
 n - a potion of resistance {unknown}
 r - 4 potions of invisibility
 u - a potion of might {unknown}
 v - 2 potions of curing
 w - a potion of agility
 H - a potion of flight {unknown}
 M - a potion of cancellation {unknown}
 S - a potion of porridge
 U - a potion of haste {unknown}
Books
 c - a book of Minor Magic

   Spells                             Type                      Level
   *Magic Dart                        Conjuration                  1
   *Blink                             Translocation                2
   Call Imp                           Summoning                    2
   *Repel Missiles                    Charms/Air                   2
   Slow                               Hexes                        2
   *Conjure Flame                     Conjuration/Fire             3
   *Mephitic Cloud                    Conjuration/Poison/Air       3
 y - a book of Frost

   Spells                             Type                      Level
   Freeze                             Ice                          1
   Throw Frost                        Conjuration/Ice              2
   Ozocubu's Armour                   Charms/Ice                   3
   *Throw Icicle                      Conjuration/Ice              4
   Summon Ice Beast                   Ice/Summoning                4
   Condensation Shield                Ice                          4
Magical staves
 N - an uncursed staff of poison {unknown}


   Skills:
 - Level 3.4 Dodging
 - Level 3.4 Stealth
 * Level 16.5 Spellcasting
 * Level 4.0 Conjurations
   Level 0.7 Summonings
 - Level 1.5 Translocations
 - Level 5.0 Ice Magic


You had 27 spell levels left.
You knew the following spells:

 Your Spells              Type           Power        Failure   Level  Hunger
a - Magic Dart            Conj           ####         1%          1    None
b - Conjure Flame         Conj/Fire      ####....     1%          3    None
c - Mephitic Cloud        Conj/Pois/Air  ####....     2%          3    None
d - Throw Icicle          Conj/Ice       #####...     1%          4    None
e - Repel Missiles        Chrm/Air       ###...       4%          2    None
f - Blink                 Tloc           N/A          2%          2    None


Dungeon Overview and Level Annotations

Branches:
Dungeon (10/15)            Temple (1/1) D:4             Orc (0/4) D:9
   Lair: D:8-11

Altars:
Ashenzari
Cheibriados
Dithmenos
Elyvilon
Fedhas
Gozag
Kikubaaqudgha
Makhleb
Nemelex Xobeh
Okawaru
Qazlal
Sif Muna
Trog
Vehumet
Xom
Yredelemnul
Zin
The Shining One

Shops:
D:6 (   D:9 !**!


Innate Abilities, Weirdness & Mutations

You are tiny and cannot use many weapons and most armour.
You have supernaturally acute eyesight.
You are a herbivore.
You cover ground extremely quickly.
You need consume almost no food.


Message History

Confirm with . or Enter, or press ? or * to list all spells.
Aiming: Throw Icicle
Press: ? - help, Shift-Dir - straight line, f - large slime creature
Aim: a large slime creature (flame, moderately wounded)
The shard of ice hits the large slime creature.
The large slime creature is moderately wounded.
The large slime creature is engulfed in roaring flames.
The large slime creature misses you.
You sock the large slime creature! You freeze the large slime creature.
The large slime creature is heavily wounded.
The large slime creature is engulfed in roaring flames.
The large slime creature hits you!
You barely miss the large slime creature.
The large slime creature is severely wounded.
The large slime creature is engulfed in roaring flames.
The large slime creature hits you!
The large slime creature is engulfed in roaring flames.
The large slime creature hits you!!
Ouch! That really hurt!
You die...

####%#.#ยง# #.#..... #
#.#.#.# ####.#..#.###
#.#.#.. .....#..#.#..
#.#..... #....#.......
#.#...... #....#.....##
#J#.###... #....#.#.###.
#.#.. ..####....#.#.#...
#.########.......#.......
#......J@..#####.#.######
#########..#....)........
..........'...[.#.#####.
#####....##..###### #..
.............# #..
###.....#.### #..
#.......# #.. ..#...##.#
### ...... #.. #


You could see a large slime creature.

Vanquished Creatures
  Gastronok (D:9)
  Pikel (D:9)
  A troll (D:10)
  3 slime creatures (D:10)
  A wraith (D:10)
  Edmund (D:9)
  A hippogriff (D:10)
  A water moccasin (D:9)
  2 sky beasts
  3 slaves (D:9)
  3 black bears
  A yellow wasp (D:8)
  An ice beast (D:10)
  3 orc warriors
  3 phantoms
  6 ogres
  4 centaurs
  A big kobold (D:7)
  Blork the orc (D:9)
  2 crocodiles
  7 giant frogs
  4 killer bees (D:9)
  2 scorpions (D:8)
  3 wights (D:6)
  2 crimson imps
  2 goliath beetles
  3 hounds
  A jelly (D:5)
  Crazy Yiuf (D:7)
  A giant frog zombie (D:8)
  2 orc priests
  3 orc wizards
  4 worker ants
  3 iguanas
  A gnoll shaman (D:9)
  Ijyb (D:7)
  Jessica (D:2)
  Terence (D:3)
  A mummy (D:8)
  8 adders
  15 gnolls
  8 worms
  3 adder skeletons
  An orc zombie (D:8)
  10 giant geckos
  An ooze (D:1)
  61 orcs
  3 ball pythons
  11 giant cockroaches
  12 goblins
  17 hobgoblins
  5 jackals
  6 quokkas
  10 bats
  7 giant newts
  A hobgoblin zombie (D:7)
  27 kobolds
  A kobold zombie (D:8)
  13 rats
  A rat skeleton (D:6)
304 creatures vanquished.

Vanquished Creatures (others)
  A hound (D:9)
1 creature vanquished.

Grand Total: 305 creatures vanquished

Notes
Turn   | Place    | Note
--------------------------------------------------------------
     0 | D:1      | Chiseanne, the Spriggan Wizard, began the quest for the Orb.
     0 | D:1      | Reached XP level 1. HP: 9/9 MP: 6/6
   326 | D:1      | Reached XP level 2. HP: 13/13 MP: 0/9
   695 | D:1      | Reached skill level 1 in Conjurations
   970 | D:1      | Reached XP level 3. HP: 14/16 MP: 11/13
  1201 | D:1      | Reached skill level 5 in Spellcasting
  1648 | D:2      | Noticed Jessica
  1654 | D:2      | Killed Jessica
  1667 | D:2      | Reached XP level 4. HP: 21/21 MP: 14/17
  2175 | D:2      | Learned a level 3 spell: Conjure Flame
  2179 | D:2      | Learned a level 3 spell: Mephitic Cloud
  2182 | D:2      | Learned a level 2 spell: Blink
  2185 | D:2      | Learned a level 2 spell: Repel Missiles
  2780 | D:2      | Reached skill level 6 in Spellcasting
  3005 | D:3      | Reached XP level 5. HP: 24/24 MP: 20/20
  3110 | D:3      | Noticed Terence
  3263 | D:3      | Killed Terence
  3927 | D:4      | Reached XP level 6. HP: 28/28 MP: 17/22
  3972 | D:4      | Found a staircase to the Ecumenical Temple.
  3981 | Temple   | Entered the Ecumenical Temple
  4065 | Temple   | Became a worshipper of Vehumet
  4128 | D:4      | Noticed a black bear
  4161 | D:4      | Killed a black bear
  4161 | D:4      | Reached skill level 7 in Spellcasting
  4411 | D:4      | Learned a level 4 spell: Throw Icicle
  4645 | D:4      | Found a snail-covered altar of Cheibriados.
  4645 | D:4      | Found a shimmering altar of Xom.
  4825 | D:5      | Entered Level 5 of the Dungeon
  4884 | D:5      | Found a blossoming altar of Fedhas.
  5119 | D:5      | Reached skill level 8 in Spellcasting
  5119 | D:5      | Reached XP level 7. HP: 32/32 MP: 26/26
  5574 | D:6      | Reached skill level 1 in Ice Magic
  5606 | D:6      | Found an iron altar of Okawaru.
  5639 | D:6      | Acquired Vehumet's first power
  5639 | D:6      | Offered knowledge of Sandblast by Vehumet.
  5639 | D:6      | Reached skill level 9 in Spellcasting
  5838 | D:6      | Found an opulent altar of Gozag.
  5844 | D:6      | Found a basalt altar of Yredelemnul.
  5870 | D:6      | Found Shrubace's Antique Weapon Boutique.
  5918 | D:6      | Reached skill level 10 in Spellcasting
  6117 | D:6      | Reached XP level 8. HP: 36/36 MP: 29/29
  6600 | D:6      | Reached skill level 11 in Spellcasting
  7132 | D:7      | Reached skill level 12 in Spellcasting
  7215 | D:7      | Offered knowledge of Flame Tongue by Vehumet.
  7306 | D:7      | Noticed Ijyb
  7324 | D:7      | Killed Ijyb
  7524 | D:7      | Noticed Crazy Yiuf
  7532 | D:7      | Killed Crazy Yiuf
  7990 | D:7      | Found a stormy altar of Qazlal.
  8118 | D:7      | Found an opulent altar of Gozag.
  8163 | D:7      | Reached XP level 9. HP: 39/39 MP: 32/32
  8448 | D:8      | Offered knowledge of Stone Arrow by Vehumet.
  8466 | D:8      | Reached skill level 13 in Spellcasting
  8917 | D:8      | Acquired Vehumet's second power
  9785 | D:8      | Reached skill level 14 in Spellcasting
  9866 | D:8      | Offered knowledge of Static Discharge by Vehumet.
 10065 | D:9      | Found Puyzaidi's Distillery.
 10065 | D:9      | Noticed Edmund
 10069 | D:9      | Noticed Pikel
 10159 | D:9      | Noticed Blork the orc
 10170 | D:9      | Killed Blork the orc
 10223 | D:9      | Killed Edmund
 10406 | D:9      | Found Ilauv Pir's Assorted Antiques.
 10417 | D:9      | Bought a creamy pearl robe for 131 gold pieces
 10417 | D:9      | Bought a ripped robe for 131 gold pieces
 10417 | D:9      | Bought a scroll labeled GRIYNAJIPE for 23 gold pieces
 10417 | D:9      | Bought a thick bone amulet for 115 gold pieces
 10545 | D:9      | Killed Pikel
 10704 | D:9      | Bought a potion of poison for 12 gold pieces
 10704 | D:9      | Bought a potion of degeneration for 24 gold pieces
 10809 | D:9      | Noticed Gastronok
 10824 | D:9      | Killed Gastronok
 10824 | D:9      | Reached skill level 15 in Spellcasting
 10824 | D:9      | Reached XP level 10. HP: 44/44 MP: 13/35
 11027 | D:9      | Identified the +1 robe of the Accordion {SInv} (You bought it in a shop on level 9 of the Dungeon)
 11038 | D:9      | Identified the cursed +2 robe "Pruic" {Slay+4} (You bought it in a shop on level 9 of the Dungeon)
 11059 | D:9      | Found Khuwk's Distillery.
 11065 | D:9      | Bought 2 potions of invisibility for 165 gold pieces
 11386 | D:9      | Found a staircase to the Orcish Mines.
 11480 | D:9      | Acquired Vehumet's third power
 11493 | D:9      | Offered knowledge of Airstrike by Vehumet.
 11867 | D:9      | Reached skill level 5 in Ice Magic
 11965 | D:9      | Found Plean's General Store.
 11974 | D:9      | Bought a scroll of remove curse for 39 gold pieces
 12023 | D:10     | Entered Level 10 of the Dungeon
 12173 | D:10     | Reached skill level 16 in Spellcasting
 12725 | D:10     | Slain by a large slime creature

Action                   |  1- 3 |  4- 6 |  7- 9 | 10-12 || total
-------------------------+-------+-------+-------+-------++-------
Melee: Dagger            |     6 |       |       |       ||     6
       Cutlass           |       |     3 |       |       ||     3
       Spear             |       |     6 |     4 |       ||    10
       Quarterstaff      |       |       |     8 |     4 ||    12
 Cast: Magic Dart        |   122 |   332 |   477 |   120 ||  1051
       Conjure Flame     |       |     5 |    29 |    16 ||    50
       Mephitic Cloud    |       |     1 |    25 |     5 ||    31
       Throw Icicle      |       |       |    41 |    64 ||   105
Evoke: Wand              |       |       |     2 |     2 ||     4
  Use: Scroll            |     2 |     5 |     8 |     1 ||    16
       Potion            |       |       |     1 |       ||     1
 Stab: Sleeping          |       |     1 |     1 |       ||     2
  Eat: Fruit             |       |     4 |       |       ||     4
       Royal jelly       |       |     1 |       |       ||     1
